Unix NetHack Version 3.7.0-71 Work-in-progress - last build Jan 31 2023 02:41:03 (7ba98a1283f2b7cec35fde026edb48fc825ab8ae,branch:master). Game began 2023-01-31 15:34:02, ended 2023-02-04 11:33:02. stenno, lawful female human Samurai -------------- |............| ------------ ###-............| |{.........| ### |...........)| |..........-########-..........<.O# |..........| --------------[ ..........-########0 #%# ---------- % # --- 0%%.%. |%. Stenno the Joshu St:12 Dx:14 Co:18 In:11 Wi:9 Ch:11 Lawful Dlvl:16 $:0 HP:0(91) Pw:39(39) AC:-1 Exp:10 T:10699 Latest messages: You hit the rock troll! The rock troll hits! The rock troll hits! The rock troll bites! There is a doorway here. There are many objects here. The ogre king picks up 2 orcish daggers. The ogre king picks up a blue gem. The ogre king picks up a crossbow. The ogre king strikes at thin air! The ogre king picks up 3 crossbow bolts. The ogre king picks up a bow. The ogre king picks up 10 arrows. The ogre king picks up an arrow. The ogre king picks up an elven cloak. You see here an elven spear. The ogre king swings his battle-axe. The ogre king hits! Are you sure you want to pray? [yn] (n) y You begin praying to Amaterasu Omikami. You are surrounded by a shimmering light. The ogre king starts to attack you, but pulls back. The ogre king starts to attack you, but pulls back. You finish your prayer. You feel that Amaterasu Omikami is well-pleased. You feel much better. You hit the ogre king! The ogre king swings his battle-axe. The ogre king hits! The ogre king swings his battle-axe. The ogre king hits! You hit the ogre king! It is hit! The ogre king swings his battle-axe. The ogre king hits! The ogre king swings his battle-axe. The ogre king hits! You miss the ogre king. It is hit. The ogre king swings his battle-axe. The ogre king hits! You hit the ogre king! It is missed. It is missed. The crossbow bolt misses the ogre king. A crossbow bolt misses you. The ogre king swings his battle-axe. The ogre king hits! You die... Do you want your possessions identified? [ynq] (y) q Inventory: Weapons v - 22 uncursed +0 ya (in quiver) u - an uncursed +0 yumi (alternate weapon; not wielded) a - the blessed rustproof +0 Excalibur (weapon in hand) Armor F - an uncursed rusty +0 dwarvish iron helm (being worn) G - an uncursed rusty +0 pair of iron shoes (being worn) H - a blessed +0 dwarvish roundshield (being worn) l - an uncursed +0 cloak of displacement (being worn) z - an uncursed +0 dwarvish mithril-coat (being worn) Comestibles R - an uncursed gunyoki I - 2 uncursed lizard corpses Scrolls M - an uncursed scroll of fire Rings f - a cursed ring of fire resistance Wands i - an uncursed wand of death (0:5) U - an uncursed wand of digging (0:8) y - an uncursed wand of digging (0:7) d - an uncursed wand of digging (0:1) A - an uncursed wand of enlightenment (0:11) E - a cursed wand of light (0:7) W - an uncursed wand of make invisible (0:2) L - an uncursed wand of polymorph (0:4) w - an uncursed wand of sleep (0:4) m - an uncursed wand of teleportation (0:6) Tools h - a blessed bag of holding containing 37 items C - an uncursed magic koto (0:5) O - an uncursed oil lamp k - an uncursed skeleton key c - an uncursed stethoscope Z - an uncursed wet towel b - an uncursed towel Gems/Stones J - an uncursed citrine stone x - an uncursed fluorite stone q - an uncursed jet stone K - 3 uncursed worthless pieces of black glass B - an uncursed worthless piece of green glass j - an uncursed worthless piece of red glass D - an uncursed worthless piece of white glass N - an uncursed worthless piece of yellow glass Contents of the bag of holding: 8110 gold pieces a blessed corroded +0 katana a cursed -1 pair of gauntlets of fumbling a blessed +0 pair of elven boots a blessed +0 pair of elven boots a cursed +0 pair of elven boots an uncursed thoroughly burnt rotted +0 elven cloak an uncursed +0 mummy wrapping an uncursed wand of wishing a cursed scroll of genocide an uncursed scroll of magic mapping an uncursed scroll of confuse monster a blessed scroll of taming an uncursed scroll of taming 2 uncursed scrolls of enchant weapon 3 uncursed scrolls of enchant armor an uncursed scroll of remove curse 2 uncursed scrolls of earth a cursed scroll of teleportation a blessed potion of see invisible an uncursed potion of hallucination 2 uncursed potions of confusion a blessed potion of levitation 3 potions of holy water 2 uncursed potions of water a cursed ring of hunger a cursed ring of hunger a cursed -1 ring of increase damage a cursed ring of polymorph an uncursed ring of conflict an uncursed ring of cold resistance an uncursed ring of invisibility an uncursed tooled horn an uncursed magic whistle an uncursed tin whistle an uncursed expensive camera (0:61) an uncursed osaku Stenno the Samurai's attributes: Background: You were a Joshu, a level 10 female human Samurai. You were lawful, on a mission for Amaterasu Omikami who was opposed by Raijin (neutral) and Susanowo (chaotic). You were in the Dungeons of Doom, on level 16. You entered the dungeon 10699 turns ago. You had 7207 experience points, 2793 more were needed to attain level 11. Basics: You had 0 out of 91 hit points. You had all 39 energy points (spell power). Your armor class was -1. Your wallet was empty, but you had 8110 zorkmids stashed away in your pack. Autopickup was on for '$/=?!' plus thrown. Final Characteristics: Your strength was 12 (peak:17, limit:18/100). Your dexterity was 14 (limit:18). Your constitution was 18 (limit:18). Your intelligence was 11 (limit:18). Your wisdom was 9 (limit:18). Your charisma was 11 (limit:18). Final Status: You were not hungry. You were unencumbered. You were wielding a long sword. You had expert skill with long sword. Final Attributes: You were piously aligned. You were sleep resistant. You were poison resistant. You were level-drain resistant. You were telepathic. You had automatic searching. You were invisible. You were displaced. You were guarded. You were fast. You are dead. Miscellaneous: You disabled loading of bones levels. Total elapsed playing time was 1 hour, 8 minutes and 51 seconds. Major events: Turn 1: stenno the lawful female human Samurai entered the dungeon 437: entered the Gnomish Mines 912: attained the rank of Ronin (level 3) 949: entered Sokoban 1671: completed 2nd Sokoban level 2070: completed 3rd Sokoban level 2276: attained the rank of Kunoichi (level 6) 3016: completed 4th Sokoban level 3734: acquired the Sokoban bag of holding 5329: reached Mine Town 6569: received Excalibur from a strange woman laying about in a pond 9164: attained the rank of Joshu (level 10) 9409: was bestowed with Snickersnee by Amaterasu Omikami 10699: killed by an ogre king Vanquished creatures: a ghost 2 giant mimics a long worm a large mimic 2 hill giants a giant zombie a warg 3 small mimics a warhorse an ettin mummy 2 pyrolisks a large dog a flaming sphere a tiger a leocrotta a stone giant a human mummy 3 wraiths a leather golem 2 chameleons 2 giant beetles a cockatrice a panther 23 leprechauns a giant spider a black light a vampire bat a forest centaur a gnome ruler 2 orc mummies a dwarf mummy an ogre 3 brown puddings 2 owlbears a yeti 5 Green-elves 3 lizards a chickatrice 3 dogs 2 dust vortices a plains centaur a gnome mummy 3 snakes 3 apes 2 Woodland-elves 3 soldier ants 2 bugbears 2 quasits 5 Uruk-hai an orc shaman 3 rock piercers a rock mole a pony 2 fog clouds 3 yellow lights a shrieker 2 violet fungi 5 gnome leaders 3 gnomish wizards 2 gray oozes 4 elf zombies a straw golem 4 giant ants 2 little dogs 2 floating eyes a kitten 3 dwarves 2 homunculi a hill orc 10 rothes 3 giant bats 3 monkeys 2 orc zombies 6 dwarf zombies 2 werejackals 4 iguanas a killer bee 2 acid blobs a gas spore 2 hobbits a manes 4 large kobolds a hobgoblin 12 giant rats 7 cave spiders a yellow mold 2 green molds 3 red molds 26 gnomes 2 gnome zombies 5 geckos 10 jackals a fox 2 kobolds a goblin 2 sewer rats 9 grid bugs a bat 4 lichens 6 newts 286 creatures vanquished. No species were genocided or became extinct. Voluntary challenges: You read items or engraved 3 times. You never engraved Elbereth. You never genocided any monsters. You never polymorphed an object. You never changed form. You used no wishes. You violated the special Sokoban rules once. Achievements: You entered the Gnomish Mines. You entered a shop. You attained the rank of Ronin. You entered Sokoban. You attained the rank of Kunoichi. You completed Sokoban. You entered Minetown. You entered a temple. You attained the rank of Joshu. The Dungeons of Doom: levels 1 to 16 Level 1: Level 2: Stairs down to The Gnomish Mines. Level 3: A general store. Level 4: A delicatessen. Level 5: Oracle of Delphi. Level 6: A weapon shop, many altars. Stairs up to Sokoban, level 5. Level 7: A sink. Level 8: Some graves. Level 9: An altar to Amaterasu Omikami. Level 10: Level 11: Summoned by Lord Sato. Level 12: Level 13: A bookstore, many altars, a fountain. Level 14: An armor shop, a fountain. Level 15: A primitive area. Level 16: <- You were here. A fountain. Final resting place for you, killed by an ogre king. The Gnomish Mines: levels 3 to 6 Level 3: Level 4: Level 5: Level 6: Many shops, a temple to Amaterasu Omikami, some fountains, a sink. Sokoban: levels 5 up to 2 Level 2: Solved. Level 3: Solved. Level 4: Solved. Level 5: Unsolved. Game over: ---------- / \ / REST \ / IN \ / PEACE \ / \ | stenno | | 8110 Au | | killed by an | | ogre king | | | | | | 2023 | *| * * * | * _________)/\\_//(\/(/\)/\//\/|_)_______ Sayonara stenno the Samurai... You died in The Dungeons of Doom on dungeon level 16 with 37403 points, and 8110 pieces of gold, after 10699 moves. You were level 10 with a maximum of 91 hit points when you died.